 Dungeon Crawl Stone Soup version 0.31-a0-963-ga325b2283a (webtiles) character file.

Game seed: 4321727893754304803

235 RepHenryClay the Chopper (level 6, -1/51 HPs)
             Began as a Meteoran Fighter on Oct 25, 2023.
             Killed by an exploding gnoll (11 damage)
             ... ignited by their inner flame
             ... on level 3 of the Dungeon.
             The game lasted 00:05:35 (1188 turns).

RepHenryClay the Chopper (Meteoran Fighter)         Turns: 1188, Time: 00:05:35

Health: -1/51      AC:  7    Str: 19    XL:     6   Next: 52%
Magic:  16/16      EV:  9    Int: 11    God:
Gold:   185        SH:  4    Dex: 13    Spells: 5/5 levels left

rFire   . . .        d - +4 flail (venom)
rCold   . . .        c - +0 buckler
rNeg    . . .        g - +0 scale mail
rPois   .            (no helmet)
rElec   .            (no cloak)
rCorr   .            (no gloves)
SInv    .            (no boots)
Will    +....        (no amulet) Stlth
                     k - ring of magical power
HPRegen 0.28/turn    (no ring)
MPRegen 0.15/turn

%: no passive effects
@: brilliant, enlightened, flying, glowing
A: sense surroundings 1, otherworldly, glowing, explore regen
a: no special abilities


You were on level 3 of the Dungeon.
You visited 1 branch of the dungeon, and saw 4 of its levels.

You collected 185 gold pieces.

Inventory:

Hand Weapons
 a - a +3 hand axe
 d - a +4 flail of venom (weapon)
 j - a +0 war axe
Missiles
 h - 7 poisoned darts
Armour
 b - a +0 scale mail
 c - a +0 buckler (worn)
 f - +0 fire dragon scales
 g - a +0 scale mail (worn)
 l - a +0 leather armour of cold resistance
 r - a +0 chain mail
Jewellery
 k - a ring of magical power (left hand)
Scrolls
 i - 2 scrolls of teleportation
Potions
 e - a potion of mutation
 m - a potion of berserk rage


   Skills:
 - Level 3.2 Fighting
 * Level 6.1 Axes
 + Level 4.9 Armour
 - Level 3.2 Shields


You had 5 spell levels left.
You didn't know any spells.
Your spell library contained the following spells:

 Spells                   Type           Power      Damage    Failure   Level
 Volatile Blastmotes      Fire/Tloc      0%         2d10      98%         3
 Fulminant Prism          Conj/Hex       0%         3d5       100%        4
 Iskenderun's Mystic Bla  Conj/Tloc      0%         2d3       100%        4


Dungeon Overview and Level Annotations

Branches:
Dungeon (4/15) Zot: 1170
 Temple: D:4-7

Altars:

Annotations:
D:4 Eustachio


Innate Abilities, Weirdness & Mutations

You passively map a small area around you.
You are easily found by Zot.
You glow in the dark.
You regain HP and MP as you explore.


Message History

The hobgoblin attacks as it pursues you!
You block the hobgoblin's attack. The gnoll attacks as it pursues you!
The gnoll misses you.
You barely miss the gnoll. The gnoll hits you but does no damage.
The gnoll closely misses you.
You hit the gnoll.
The gnoll is poisoned.
The gnoll is heavily wounded.
You block the gnoll's attack.
The gnoll hits you from afar with a +0 halberd!
* * * LOW HITPOINT WARNING * * *
Huge Dmg: -17%(-9hp) hp: 38%(19hp) Welcome back, RepHenryClay the Meteoran Fighter.
Press ? for a list of commands and other information.
It was a potion of brilliance.
You feel clever all of a sudden. The gnoll barely misses you.
The gnoll closely misses you.
It was a potion of curing.
You feel better. The gnoll hits you with a +0 whip.
The gnoll hits you from afar with a +0 halberd!
* * * LOW HITPOINT WARNING * * *
Huge Dmg: -14%(-7hp) hp: 24%(12hp) Welcome back, RepHenryClay the Meteoran Fighter.
Press ? for a list of commands and other information.
It was a potion of enlightenment.
You feel very buoyant.
You fly up into the air.
The gnoll hits you but does no damage.
The gnoll hits you from afar with a +0 halberd.
* * * LOW HITPOINT WARNING * * *
Damage: -4%(-2hp) hp: 20%(10hp) Welcome back, RepHenryClay the Meteoran Fighter.
Press ? for a list of commands and other information.
You aren't carrying any items that you can evoke.
Unknown command.
Okay, then.
As you read the scroll labelled EGUON ZERUATAT, it crumbles to dust.
The creatures around you are filled with an inner flame!
It was a scroll of immolation.
Flame seeps out of the gnoll.
The gnoll is engulfed in blazing flames.
The gnoll explodes!
The fiery explosion engulfs the gnoll!!
The fiery explosion engulfs you!
You die...

#......#.................#
#....#...#.....<........######
#>....##.........#...........######
#####.##.#.............#####.......
#.##....###..#####..#.......###
#.##....# ##g# ##.....##### ,
#.##....####)###..#.......## ,#
#..........#○##............# ..
#..........§§@...........#.....
#.........##.............###..#
#.....÷..................##...#
#.....).÷.#####........).##..#.
#.......................>......
####........................###...
#..............##.................
#...............................#.
#..............#...............#..


You could see a hobgoblin (inner flame).

Vanquished Creatures
  Edmund (D:3)
  3 adders
  2 gnolls (D:3)
  A worm (D:3)
  3 dart slugs (D:2)
  7 orcs
  4 ball pythons
  A bat (D:1)
  9 endoplasms
  3 giant cockroaches
  7 goblins
  8 hobgoblins
  3 jackals (D:1)
  9 kobolds
  3 quokkas
  A frilled lizard (D:1)
  2 rats
67 creatures vanquished.

Notes
Turn   | Place    | Note
-------+----------+-------------------------------------------
     0 | D:1      | RepHenryClay the Meteoran Fighter began the quest for the
                  | Orb.
     0 | D:1      | Reached XP level 1. HP: 19/19 MP: 2/2
    21 | D:1      | Reached XP level 2. HP: 16/26 MP: 3/3
    69 | D:1      | Reached skill level 3 in Axes
   153 | D:1      | Reached XP level 3. HP: 30/31 MP: 4/4
   341 | D:2      | Found a faded altar of an unknown god.
   469 | D:2      | Reached skill level 4 in Axes
   471 | D:2      | Reached XP level 4. HP: 31/38 MP: 5/5
   835 | D:3      | Reached XP level 5. HP: 45/45 MP: 6/6
   924 | D:4      | Noticed Edmund
   942 | D:3      | Killed Edmund
   943 | D:3      | Reached skill level 5 in Axes
   943 | D:3      | Reached XP level 6. HP: 19/51 MP: 7/7
   988 | D:3      | Reached skill level 6 in Axes
  1168 | D:4      | Noticed Eustachio
  1188 | D:3      | Killed by an exploding gnoll... ignited by their inner
                  | flame

Illustrated notes

Levels and vault maps discovered:
D:1:      minmay_arrival_plants_in_alcoves, layout_basic,
          nicolae_twisty_statue_hallways
D:2:      layout_basic, ebering_ecumenical_altar_mist
D:3:      layout_rooms
D:4:      layout_basic, pdpol_temple_overflow_zin_treasury_gozag_greed,
          nicolae_hepliaklqana_ecumenical_no_more,
          minmay_temple_entry_junction_2, uniq_menkaure, uniq_eustachio,
          uniq_edmund

Skill      XL: |  1  2  3  4  5  6 |
---------------+-------------------+-----
Axes           | 3 4 5 6 |  6.1
Armour         | 4 |  4.9
Fighting       | |  3.2
Shields        | |  3.2

Action                     |  1- 3 |  4- 6 || total
---------------------------+-------+-------++-------
  Melee: War axe           |    58 |    49 ||   107
         Hand axe          |       |    21 ||    21
         Flail             |       |    26 ||    26
    Use: Scroll            |       |     5 ||     5
         Potion            |       |     7 ||     7
 Armour: Scale mail        |    32 |    73 ||   105
  Dodge: Dodged            |    30 |    55 ||    85
  Block: Buckler           |    14 |    32 ||    46

Table legend: (Time is in decaauts)
 A = Elapsed time spent in this place.
 B = Non-inter-level travel time spent in this place.
 C = Inter-level travel time spent in this place.
 D = Time resting spent in this place.
 E = Time spent auto-exploring this place.
 F = Levels seen in this place.
 G = Mean time per level.
                   A        B        C        D        E       F      G
               +--------+--------+--------+--------+--------+-----+--------+
         Total |   1228 |   1158 |     70 |     82 |      6 |   4 |  307.0 |
       Dungeon |   1228 |   1158 |     70 |     82 |      6 |   4 |  307.0 |
               +--------+--------+--------+--------+--------+-----+--------+

Top non-repeatable levels by time:
     D:2: 402 daAuts
     D:3: 393 daAuts
     D:1: 335 daAuts
     D:4: 97 daAuts
